 Dungeon Crawl Stone Soup version 0.30-a0-694-g3340775977 (webtiles) character file.

Game seed: 15323354660900707208

4771 M4edhros the Tainter (level 10, -7/64 HPs)
             Began as an Octopode Wanderer on Jan 20, 2023.
             Was a Believer of Cheibriados.
             Mangled by a wyvern (10 damage)
             ... on level 8 of the Dungeon.
             The game lasted 00:10:05 (6120 turns).

M4edhros the Tainter (Octopode Wanderer)            Turns: 6120, Time: 00:10:06

Health: -7/64      AC:  1    Str: 21    XL:     10   Next: 47%
Magic:  8/11       EV: 25    Int: 19    God:    Cheibriados [**....]
Gold:   42         SH:  0    Dex: 25    Spells: 2/11 levels left

rFire   + . .      SeeInvis .    a - +0 spear
rCold   x . .      Faith    .    (no shield)
rNeg    . . .      Spirit   .    (helmet restricted)
rPois   +          Reflect  .    (no amulet)
rElec   .          Harm     .    f - +5 ring of evasion
rCorr   .          Rampage  .    i - +6 ring of dexterity
Will    .....                    j - ring of poison resistance
Stlth   +++++                    l - ring of fire
HPRegen 0.30/turn                (no ring)
MPRegen 0.12/turn                (no ring)
                                 (no ring)
                                 (no ring)

@: studying Conjurations, very slow
A: almost no armour, amphibious, 8 rings, camouflage 1, gelatinous body 1,
(nimble swimmer 1), tentacles, passive freeze, sense surroundings 1, strong 1
a: Renounce Religion, Bend Time


You were on level 8 of the Dungeon.
You worshipped Cheibriados.
Cheibriados was pleased with you.
You visited 2 branches of the dungeon, and saw 9 of its levels.

You collected 328 gold pieces.
You spent 286 gold pieces at shops.

Inventory:

Hand Weapons
 a - a +0 spear (weapon)
 c - a +0 dagger
 n - a +1 sling of draining
Missiles
 b - 14 poisoned darts (quivered)
Magical Staves
 d - a staff of death
Jewellery
 f - a +5 ring of evasion (left tentacle)
 i - a +6 ring of dexterity (right tentacle)
 j - a ring of poison resistance (on tentacle)
 l - a ring of fire (on tentacle)
 r - a +6 ring of intelligence
Wands
 u - a wand of flame (28)
Scrolls
 k - 2 scrolls of vulnerability
 m - 2 scrolls of silence
 o - a scroll of identify
Potions
 g - a potion of attraction
 h - 3 potions of haste
 v - a potion of magic


   Skills:
 - Level 4.2 Fighting
 - Level 7.0 Polearms
 - Level 2.0 Throwing
 * Level 8.5 Dodging
 - Level 6.0 Stealth
 - Level 1.0 Spellcasting
 + Level 3.4 Hexes
 - Level 2.0 Translocations
 + Level 3.4 Earth Magic
 * Level 8.6 Poison Magic


You had 2 spell levels left.
You knew the following spells:

 Your Spells              Type           Power      Damage    Failure   Level
a - Apportation           Tloc           16%        N/A       9%          1
b - Olgreb's Toxic Radia  Pois           33%        N/A       5%          4
c - Leda's Liquefaction   Hex/Erth       7%         N/A       41%         4

Your spell library contained the following spells:

 Spells                   Type           Power      Damage    Failure   Level
 Slow                     Hex            52%        N/A       4%          1
 Lesser Beckoning         Tloc           16%        N/A       12%         2
 Foxfire                  Conj/Fire      4%         2x1d4     19%         1
 Confusing Touch          Hex            13%        N/A       14%         3
 Portal Projectile        Hex/Tloc       22%        N/A       19%         3
 Teleport Other           Tloc           8%         N/A       24%         3
 Stone Arrow              Conj/Erth      14%        3d7       28%         3
 Cause Fear               Hex            6%         N/A       41%         4
 Call Canine Familiar     Summ           0%         N/A       50%         3
 Vampiric Draining        Necr           0%         2d6       50%         3
 Fireball                 Conj/Fire      0%         3d3       99%         5
 Iskenderun's Battlesphe  Conj           0%         2d6       99%         5
 Iron Shot                Conj/Erth      3%         9d2       100%        6
 Starburst                Conj/Fire      0%         6d3       100%        6
 Dragon Form              Tmut           0%         N/A       100%        7
 Spellforged Servitor     Conj/Summ      0%         N/A       100%        7
 Lehudib's Crystal Spear  Conj/Erth      3%         10d3      100%        8
 Chain Lightning          Conj/Air       0%         N/A       100%        9
 Dragon's Call            Summ           0%         N/A       100%        9
 Fire Storm               Conj/Fire      0%         6d1       100%        9
 Shatter                  Erth           7%         3d9*      100%        9
 Animate Armour           Summ/Erth      Unusable   N/A       N/A         4

Dungeon Overview and Level Annotations

Branches:
Dungeon (8/15)             Temple (1/1) D:7
   Lair: D:8-11

Altars:
Ashenzari
Cheibriados
Elyvilon
Fedhas
Hepliaklqana
Kikubaaqudgha
Makhleb
Nemelex Xobeh
Okawaru
Qazlal
Ru
Sif Muna
Trog
Vehumet
Wu Jian
Xom
Zin
The Shining One

Shops:
D:6 *


Innate Abilities, Weirdness & Mutations

You cannot wear most types of armour.
You are amphibious.
You can wear up to eight rings at the same time.
Your skin changes colour to match your surroundings (Stealth+).
Your rubbery body absorbs attacks. (AC +1, EV +1)
((You are camouflaged when in or above water. (Stealth+)))
You have tentacles for arms and can constrict up to eight enemies at once.
A frigid envelope surrounds you and freezes all who hurt you.
You passively map a small area around you.
Your muscles are strong. (Str +4, Int/Dex -1)


Message History

You catch the helpless ice beast completely off-guard!
You hit the ice beast. You squeeze the ice beast.
The ice beast is moderately wounded.
You catch the helpless ice beast completely off-guard!
You hit the ice beast.
The ice beast is heavily wounded.
The ice beast struggles against the net.
You hit the ice beast. You squeeze the ice beast.
The ice beast is severely wounded.
The ice beast struggles against the net.
Throw: throwing net
Press: ? - help, Q - select action, (/) - cycle Shift-Dir - straight line, f - wyvern, p - ice beast
Aim: a wyvern (67% to hit)
You throw a throwing net.
The throwing net closely misses the wyvern.
The wyvern bites you.
* * * LOW HITPOINT WARNING * * *
The wyvern is very cold.
The wyvern is lightly wounded.
The ice beast struggles against the net.
Okay, then.
Okay, then.
Okay, then.
The flow of time bends around you.
Cheibriados rebukes the ice beast.
The ice beast seems to slow down.
The wyvern resists with some effort.
The wyvern bites you!
* * * LOW HITPOINT WARNING * * *
The wyvern is very cold.
The wyvern is moderately wounded.
You hit the wyvern.
Your tentacle-slap misses the wyvern.
Your squeeze misses the wyvern.
The wyvern is heavily wounded.
The wyvern barely misses you.
The ice beast struggles against the net.
The wyvern misses you.
You closely miss the wyvern. You squeeze the wyvern!
The wyvern is severely wounded.
The wyvern bites you!
You die...

, ,..## * #......$........... ,
...#########..............
,###.........#.[.....†......
............#.....†.S......
#.######........#......O.§§§)..
#.....##.......................
#####.##....................>..
###.....(...lY...............
#..........†@................
#####.####..###.†.>[.....##......
......# #....#..........###.....
.....## #.##....P.P....., #.....
))..## #.. ...P.......* ....#
#.............. , #####
#..PP...P..P... , *
........P♣..P. ####


You could see a wyvern and an ice beast (caught, slow).

Vanquished Creatures
  A two-headed ogre (D:8)
  Amaemon (D:8)
  Joseph (D:7)
  An orange demon (D:8)
  A steam dragon (D:7)
  2 water moccasins (D:8)
  Duvessa (D:7)
  2 ice beasts
  2 sky beasts
  A black bear (D:5)
  A centaur (D:8)
  2 wolves (D:8)
  2 bullfrogs
  5 scorpions
  3 necrophages
  Dowan (D:7)
  A wight (D:6)
  10 killer bees
  3 howler monkeys (D:7)
  2 jellies
  4 hounds
  Crazy Yiuf (D:7)
  An orc wizard (D:6)
  4 iguanas
  11 gnolls
  10 adders
  An ufetubus (D:5)
  A worm (D:3)
  A dart slug (D:2)
  21 orcs
  9 ball pythons
  4 endoplasms
  3 giant cockroaches
  8 goblins
  5 hobgoblins
  17 jackals
  7 kobolds
  3 quokkas
  6 bats
  3 frilled lizards (D:2)
  6 rats
169 creatures vanquished.

Vanquished Creatures (others)
  2 fungi (D:8)
  33 plants
35 creatures vanquished.

Grand Total: 204 creatures vanquished

Notes
Turn   | Place    | Note
-------+----------+-------------------------------------------
     0 | D:1      | M4edhros the Octopode Wanderer began the quest for the Orb.
     0 | D:1      | M4edhros set off with the following items: a +0 spear, 12
                  | poisoned darts, a +0 dagger, a scroll of teleportation; and
                  | the following spell memorised: Apportation; and the
                  | following spells available to memorise: Lesser Beckoning,
                  | Portal Projectile.
     0 | D:1      | Reached XP level 1. HP: 13/13 MP: 2/2
   112 | D:1      | Reached XP level 2. HP: 18/18 MP: 3/3
   167 | D:2      | Reached skill level 1 in Dodging
   386 | D:2      | Reached XP level 3. HP: 23/23 MP: 4/4
   861 | D:3      | Reached XP level 4. HP: 29/29 MP: 5/5
  1633 | D:4      | Noticed a scorpion
  1643 | D:5      | Entered Level 5 of the Dungeon
  1652 | D:5      | Reached XP level 5. HP: 29/34 MP: 6/6
  1796 | D:5      | Noticed an ice beast
  1836 | D:5      | Gained mutation: Your muscles are strong. (Str +4, Int/Dex
                  | -1) [potion of mutation]
  1836 | D:5      | Gained mutation: You passively map a small area around you.
                  | [potion of mutation]
  1836 | D:5      | Gained mutation: A frigid envelope surrounds you and
                  | freezes all who hurt you. [potion of mutation]
  1846 | D:5      | Killed an ice beast
  1847 | D:5      | Reached XP level 6. HP: 5/41 MP: 7/7
  2237 | D:5      | Reached skill level 5 in Polearms
  2237 | D:5      | Reached XP level 7. HP: 40/45 MP: 8/8
  2555 | D:5      | Got the Catalogue of the Venomous Excursion
  2582 | D:5      | Learned a level 4 spell: Olgreb's Toxic Radiance
  2860 | D:6      | Reached skill level 1 in Poison Magic
  2954 | D:6      | Reached XP level 8. HP: 22/52 MP: 9/9
  3087 | D:6      | Reached skill level 5 in Stealth
  3219 | D:6      | Found a white marble altar of Elyvilon.
  3271 | D:6      | Found a sparkling altar of Nemelex Xobeh.
  3477 | D:7      | Noticed Joseph
  3492 | D:7      | Killed Joseph
  3493 | D:7      | Reached skill level 5 in Dodging
  3681 | D:7      | Reached XP level 9. HP: 56/58 MP: 10/10
  3747 | D:7      | Found a staircase to the Ecumenical Temple.
  3756 | Temple   | Entered the Ecumenical Temple
  3855 | Temple   | Became a worshipper of Cheibriados the Contemplative
  3952 | D:4      | Reached skill level 5 in Poison Magic
  4102 | D:1      | Found a faded altar of an unknown god.
  4216 | D:1      | Reached * piety under Cheibriados
  5111 | D:6      | Found Hafitoun's Humungous Hoard.
  5153 | D:6      | Bought a book of the Hunter for 286 gold pieces
  5158 | D:6      | Learned a level 4 spell: Leda's Liquefaction
  5457 | D:7      | Noticed Duvessa
  5457 | D:7      | Noticed Dowan
  5464 | D:7      | Killed Duvessa
  5471 | D:7      | Killed Dowan
  5472 | D:7      | Reached skill level 1 in Hexes
  5472 | D:7      | Reached skill level 1 in Earth Magic
  5555 | D:7      | Found a runed translucent door.
  5556 | D:7      | Noticed Crazy Yiuf
  5564 | D:7      | Killed Crazy Yiuf
  5672 | D:7      | Reached ** piety under Cheibriados
  5747 | D:8      | Noticed a two-headed ogre
  5879 | D:8      | Noticed Amaemon
  5880 | D:8      | Noticed an orange demon
  5886 | D:8      | Killed Amaemon
  5887 | D:8      | Reached XP level 10. HP: 27/64 MP: 11/11
  5895 | D:8      | Killed an orange demon
  5954 | D:8      | Killed a two-headed ogre
  6118 | D:8      | HP: 3/64 [wyvern (10)]
  6120 | D:8      | Mangled by a wyvern

Illustrated notes

Levels and vault maps discovered:
D:1:      shiori_arrival_oz, layout_basic, basic_ecumenical_altar
D:2:      layout_loops_ring, nicolae_kite_square_tiling_tiny, st_stairs_7,
          corexii_shack, hangedman_decor_push, minmay_strange_pillars
D:3:      layout_rooms, chequers_big_river, kennysheep_doodads
D:4:      layout_gridville
D:5:      layout_basic
D:6:      layout_rooms, mainiacjoe_overflow_two_lobes,
          nicolae_elyvilon_temple_path, dreamdust_princess_corridor,
          nrook_campfire, nicolae_alphabet_shops, minmay_manual_moon
D:7:      layout_gridville, minmay_temple_entry_antechambers, uniq_joseph,
          uniq_crazy_yiuf_cottage, uniq_duvessa
D:8:      layout_rooms, minmay_lair_entry_grove, uniq_amaemon
Temple:   regret_index_temple_sphere_string

Skill      XL: |  1  2  3  4  5  6  7  8  9 10 |
---------------+-------------------------------+-----
Dodging        | 1 2 3 4 5 7 8 |  8.5
Stealth        | 2 3 4 5 6 |  6.0
Fighting       | 2 3 4 |  4.2
Polearms       | 4 5 6 7 |  7.0
Poison Magic   | 2 4 7 8 |  8.6
Hexes          | 2 3 |  3.4
Earth Magic    | 2 3 |  3.4
Throwing       | |  2.0
Spellcasting   | |  1.0
Translocations | |  2.0

Action                   |  1- 3 |  4- 6 |  7- 9 | 10-12 || total
-------------------------+-------+-------+-------+-------++-------
Melee: Spear             |    84 |   118 |   304 |    50 ||   556
       Constrict         |    23 |    24 |    61 |     6 ||   114
       Tentacles         |    22 |    26 |    82 |    15 ||   145
       Punch             |     1 |     1 |     6 |     1 ||     9
Throw: Dart              |       |       |       |     2 ||     2
       Throwing net      |       |       |       |     2 ||     2
Invok: Bend Time         |       |       |       |     1 ||     1
Evoke: Wand              |       |       |     1 |       ||     1
  Use: Potion            |       |     7 |     4 |     1 ||    12
       Scroll            |       |     1 |     7 |       ||     8
 Stab: Sleeping          |     7 |     2 |    19 |       ||    28
       Distracted        |       |     1 |     3 |       ||     4
       Invisible         |       |       |     9 |       ||     9
       Held in net/web   |       |       |       |     2 ||     2
Armor: Skin              |     5 |     4 |     3 |       ||    12
Dodge: Dodged            |    38 |    88 |   219 |    44 ||   389

Table legend: (Time is in decaauts)
 A = Elapsed time spent in this place.
 B = Non-inter-level travel time spent in this place.
 C = Inter-level travel time spent in this place.
 D = Time resting spent in this place.
 E = Time spent auto-exploring this place.
 F = Levels seen in this place.
 G = Mean time per level.
                   A        B        C        D        E       F      G
               +--------+--------+--------+--------+--------+-----+--------+
         Total |   6655 |   5997 |    658 |    266 |   4282 |   9 |  739.4 |
       Dungeon |   6522 |   5896 |    626 |    266 |   4282 |   8 |  815.2 |
        Temple |    133 |    102 |     31 |      0 |      0 |   1 |  133.0 |
               +--------+--------+--------+--------+--------+-----+--------+

Top non-repeatable levels by time:
     D:5: 1191 daAuts
     D:7: 1170 daAuts
     D:2: 914 daAuts
     D:3: 801 daAuts
     D:4: 778 daAuts
     D:6: 720 daAuts
     D:1: 609 daAuts
     D:8: 336 daAuts
  Temple: 133 daAuts
